 Dungeon Crawl Stone Soup version 0.30-a0-359-gd0147acb1a (webtiles) character file.

Game seed: 17257499219084039252

178 NinjaNoafa the Cutter (level 5, -3/38 HPs)
             Began as a Demonspawn Gladiator on Nov 11, 2022.
             Slain by a bullfrog (6 damage)
             ... in a sewer.
             The game lasted 00:04:21 (2615 turns).

NinjaNoafa the Cutter (Demonspawn Gladiator)        Turns: 2615, Time: 00:04:21

Health: -3/38      AC:  4    Str: 20    XL:     5   Next: 32%
Magic:  5/5        EV: 12    Int: 10    God:
Gold:   71         SH:  0    Dex: 16    Spells: 4/4 levels left

rFire   . . .      SeeInvis .    a - +0 rapier
rCold   . . .      Faith    .    (no shield)
rNeg    . . .      Spirit   .    b - +0 leather armour
rPois   .          Reflect  .    (helmet restricted)
rElec   .          Harm     .    l - +0 cloak
rCorr   .          Rampage  .    (no gloves)
Will    .....                    (no boots)
Stlth   +.........               (no amulet)
HPRegen 0.26/turn                h - +6 ring of strength
MPRegen 0.09/turn                (no ring)

@: no status effects
A: antennae 1, ignite blood 1
a: no special abilities


You were in a sewer.
You visited 1 branch of the dungeon, and saw 3 of its levels.
You also visited: Sewer.

You collected 71 gold pieces.

Inventory:

Hand Weapons
 a - a +0 rapier (weapon)
Missiles
 d - a throwing net (quivered)
 e - 12 poisoned darts
 f - a javelin
 j - 11 stones
Armour
 b - a +0 leather armour (worn)
 c - a +0 helmet
 l - a +0 cloak (worn)
Jewellery
 h - a +6 ring of strength (left hand)


   Skills:
 - Level 2.0 Fighting
 + Level 5.5 Short Blades
 - Level 1.7 Throwing
 - Level 2.6 Dodging


You had 4 spell levels left.
You didn't know any spells.
Your spell library was empty.

Dungeon Overview and Level Annotations

Branches:
Dungeon (3/15)              Sewer (1/1)

Altars:


Innate Abilities, Weirdness & Mutations

You have a pair of small antennae on your head.
Your demonic aura sometimes causes spilled blood to erupt in flames.


Message History

The bullfrog closely misses you.
You hit the ball python.
You kill the ball python!
The bullfrog hits you. x2
The frilled lizard unfolds its giant frill.
The frilled lizard barely misses you. The bullfrog completely misses you.
Why would you want to do that?
The frilled lizard attacks as you move away!
The frilled lizard bites you but does no damage.
The bullfrog misses you.
The bullfrog hits you. x2; The bullfrog hits you!
The frilled lizard bites you.
The bullfrog snags a nearby centipede with its tongue.
The bullfrog hits you.
* * * LOW HITPOINT WARNING * * *
The bullfrog hits you.
* * * LOW HITPOINT WARNING * * *
The bullfrog hits you but does no damage.
The bullfrog misses you.
The bullfrog hits you but does no damage.
The bullfrog closely misses you. The bullfrog attacks as you move away!
The bullfrog misses you. The bullfrog attacks as you move away!
The bullfrog hits you.
* * * LOW HITPOINT WARNING * * *
The bullfrog closely misses you. The bullfrog attacks as you move away!
The bullfrog hits you.
* * * LOW HITPOINT WARNING * * *
The bullfrog barely misses you. x2
You aren't carrying any potions.
You aren't carrying any scrolls.
Sorry, you're not good enough to have a special ability.
Unknown command.
The bullfrog attacks as you move away! The bullfrog misses you.
Throw: 2 throwing nets
Press: ? - help, Q - select action, (/) - cycle Shift-Dir - straight line, f - bullfrog
Aim: a bullfrog (53% to hit)
You throw a throwing net. The throwing net hits the bullfrog.
The bullfrog is caught in the net!
The bullfrog closely misses you.
The bullfrog struggles against the net.
The bullfrog hits you.
You die...

#.∩.∩..~~~~~~~~~~≈≈≈≈≈≈
########.~~~~~~~~≈~.###
########~~≈~~#
##################.~≈~~#
.†.............÷~~~~≈~~#
~~~~~~~÷~~~~~~~~~~~~≈~~#
≈≈≈≈≈≈≈≈≈≈≈≈≈≈≈≈≈≈≈≈≈~.#
≈~~≈~~~~~~~~~rlF~~~~≈~~#
~≈≈~≈~~.......lF@~~~≈≈~#
≈~~≈≈≈≈≈≈≈~#######.~≈~~#
≈≈≈≈≈≈≈≈≈~≈≈≈# #~~≈~.#
r..~≈≈≈≈≈l†≈≈# #.~≈~.#
~.~.~.≈≈≈≈≈≈≈≈# #.~≈~.#
~.~?B≈≈≈≈≈≈≈# #~~≈~.#
~~[($.≈≈≈≈≈≈# #~~≈~.#
..?[.~.≈≈≈≈≈# #~~≈~~#
.≈≈.~~≈≈≈≈≈≈# #~~≈~~#


You could see 2 bullfrogs, a quokka and 2 frilled lizards.

Vanquished Creatures
  Natasha (twice) (D:2)
  5 adders
  A river rat (D:3)
  2 worms
  2 bats
  5 endoplasms
  6 giant cockroaches
  6 goblins
  3 hobgoblins
  3 jackals (D:2)
  9 quokkas
  7 ball pythons
  10 frilled lizards
  A kobold (D:1)
  6 rats
68 creatures vanquished.

Notes
Turn   | Place    | Note
-------+----------+-------------------------------------------
     0 | D:1      | NinjaNoafa the Demonspawn Gladiator began the quest for the
                  | Orb.
     0 | D:1      | Reached XP level 1. HP: 16/16 MP: 1/1
    46 | D:1      | Reached skill level 3 in Short Blades
   191 | D:1      | Gained mutation: You have a pair of small antennae on your
                  | head. [demonic ancestry]
   191 | D:1      | Reached XP level 2. HP: 22/22 MP: 2/2
   997 | D:2      | Gained mutation: Your demonic aura sometimes causes spilled
                  | blood to erupt in flames. [demonic ancestry]
   997 | D:2      | Reached XP level 3. HP: 27/27 MP: 3/3
  1066 | D:2      | Reached skill level 4 in Short Blades
  1434 | D:2      | Noticed Natasha
  1437 | D:2      | Killed Natasha
  1438 | D:2      | Reached XP level 4. HP: 33/33 MP: 4/4
  1819 | D:2      | Noticed Natasha
  1826 | D:2      | Killed Natasha
  2051 | D:3      | Found a glowing drain.
  2062 | D:3      | Reached skill level 5 in Short Blades
  2112 | Sewer    | Entered a sewer
  2284 | Sewer    | Reached XP level 5. HP: 38/38 MP: 5/5
  2615 | Sewer    | Slain by a bullfrog

Illustrated notes

Levels and vault maps discovered:
D:1:      lemuel_arrival_behind_the_door_small, layout_basic
D:2:      layout_basic, hex_medium, minmay_misc_feat_tiny, uniq_natasha
D:3:      layout_loops_ring, portal_sewer_entry_b, serial_co_window_serial,
          co_window_of_opportunity_a, co_window_paths_b, co_window_corner_a,
          co_window_paths_a, co_window_paths_b, co_window_of_opportunity_b,
          co_window_2corner, co_window_paths_c, co_window_broadway_a,
          co_window_corner_ca, co_window_2corner, co_window_2corner,
          glass_columns_a, glass_columns_a, glass_columns_b, glass_columns_a,
          glass_columns_b, serial_shops, shop_fountains, minmay_circle_x
Sewer:    sewer_frog_island_01

Skill      XL: |  1  2  3  4 |
---------------+-------------+-----
Short Blades   | 3 4 5 |  5.5
Fighting       | |  2.0
Throwing       | |  1.7
Dodging        | |  2.6

Action                   |  1- 3 |  4- 6 || total
-------------------------+-------+-------++-------
Melee: Rapier            |    75 |   132 ||   207
       Punch             |     1 |     1 ||     2
Throw: Javelin           |     9 |     9 ||    18
       Throwing net      |       |     4 ||     4
  Use: Potion            |       |     4 ||     4
       Scroll            |       |     2 ||     2
 Stab: Sleeping          |     2 |       ||     2
Armor: Leather armour    |    14 |    48 ||    62
Dodge: Dodged            |    39 |   109 ||   148

Table legend: (Time is in decaauts)
 A = Elapsed time spent in this place.
 B = Non-inter-level travel time spent in this place.
 C = Inter-level travel time spent in this place.
 D = Time resting spent in this place.
 E = Time spent auto-exploring this place.
 F = Levels seen in this place.
 G = Mean time per level.
                   A        B        C        D        E       F      G
               +--------+--------+--------+--------+--------+-----+--------+
         Total |   2663 |   2541 |    122 |     48 |   1718 |   4 |  665.8 |
       Dungeon |   2126 |   2004 |    122 |     48 |   1371 |   3 |  708.7 |
         Sewer |    536 |    536 |      0 |      0 |    347 |   1 |  536.0 |
               +--------+--------+--------+--------+--------+-----+--------+

Top non-repeatable levels by time:
     D:2: 1092 daAuts
     D:1: 825 daAuts
   Sewer: 536 daAuts
     D:3: 208 daAuts
